 Dungeon Crawl Stone Soup version 0.32-a0-928-g1cae6b7ea0 (webtiles) character file.

Game seed: 14219866869345778500

276 Rennog the Changeling (level 6, -1/61 HPs)
             Began as an Octopode Shapeshifter on Apr 12, 2024.
             Slain by an iguana (7 damage)
             ... on level 5 of the Dungeon.
             The game lasted 00:04:42 (3177 turns).

Rennog the Changeling (Octopode Shapeshifter)       Turns: 3177, Time: 00:04:44

Health: -1/61      AC: 23    Str: 15    XL:     6   Next: 25%
Magic:  6/6        EV:  2    Int: 13    God:
Gold:   179        SH:  0    Dex: 11    Spells: 5/5 levels left

rFire   . . .        k - +7 dagger of the Original Sin {drain, Stlth+}
rCold   . . .        (no shield)
rNeg    . . .        (helmet currently unavailable)
rPois   +            (no amulet)
rElec   .            g - ring of wizardry
rCorr   .            (no ring)
SInv    .            (no ring)
Will    .....        (no ring)
Stlth   +++          (no ring)
HPRegen 0.30/turn    (no ring)
MPRegen 0.10/turn    (no ring)
                     (no ring)

%: wizardry (x1)
@: tree-form
A: stationary, stasis, torment immunity, boosted hp, almost no armour,
(amphibious), 8 rings, (camouflage 1), (gelatinous body 1), (nimble swimmer 1),
(tentacles)
a: no special abilities


You were on level 5 of the Dungeon.
You were a tree.
You visited 1 branch of the dungeon, and saw 5 of its levels.

You collected 179 gold pieces.

Inventory:

Hand Weapons
 k - the +7 dagger of the Original Sin (weapon) {drain, Stlth+}
   (You found it on level 2 of the Dungeon)

   Stlth+:    It makes you more stealthy.
Jewellery
 g - a ring of wizardry (left branch)
 r - a ring of ice
Talismans
 b - a beast talisman (active)
 c - a flux talisman
Scrolls
 d - 7 scrolls of teleportation {unknown}
 e - a scroll of noise {unknown}
 j - a scroll of fear {unknown}
 m - a scroll of blinking {unknown}
 n - a scroll of fog {unknown}
 p - 2 scrolls of identify {unknown}
 s - a scroll of enchant armour {unknown}
Potions
 a - 2 potions of curing {unknown}
 f - a potion of degeneration
 h - a potion of enlightenment {unknown}
 i - a potion of heal wounds {unknown}
 o - a potion of brilliance {unknown}
 q - 2 potions of mutation {unknown}


   Skills:
 + Level 2.9 Fighting
 - Level 2.0 Dodging
 - Level 2.0 Stealth
 + Level 4.1 Unarmed Combat
 * Level 4.8 Shapeshifting


You had 5 spell levels left.
You didn't know any spells.
Your spell library was empty.

Dungeon Overview and Level Annotations

Branches:
Dungeon (5/15)
 Temple: D:4-7

Altars:

Shops:
D:1 (


Innate Abilities, Weirdness & Mutations

You are a tree.
Your roots penetrate the ground, keeping you stationary.
You cannot be teleported.
You are immune to unholy pain and torment.
Your maximum health is greatly increased.
You cannot wear most types of armour.
((You are amphibious.))
You can wear up to eight rings at the same time.
((Your skin changes colour to match your surroundings (Stealth+).))
((Your rubbery body absorbs attacks. (AC +1, EV +1)))
((You are camouflaged when in or above water. (Stealth+)))
((You have tentacles for arms and can constrict up to eight enemies at once.))


Message History

Found a robe.
The ogre shouts!
You hear an angry hiss.
An iguana comes into view.
You hit the ogre but do no damage. You drain the ogre.
The ogre is lightly wounded.
The ogre misses you.
You hit the ogre.
The ogre is moderately wounded.
You hit the ogre. You drain the ogre. You squeeze the ogre.
The ogre is heavily wounded.
The ogre hits you with a +0 giant club!
You puncture the ogre!
The ogre is almost dead.
The ogre hits you with a +0 giant club!
* * * LOW HITPOINT WARNING * * *
You hit the ogre.
You kill the ogre!
Your Unarmed Combat skill increases to level 4!
You have reached level 6!
Your transformation has ended.
You turn into a tree.
Your roots penetrate the ground.
The iguana bites you but does no damage.
You barely miss the iguana.
The iguana bites you but does no damage.
You puncture the iguana! You drain the iguana.
The iguana is heavily wounded.
The iguana bites you but does no damage.
You hit the iguana.
The iguana is severely wounded.
The iguana bites you but does no damage.
You completely miss the iguana.
The iguana is severely wounded.
The iguana bites you but does no damage.
You hit the iguana but do no damage.
The iguana is severely wounded.
The iguana bites you but does no damage.
You hit the iguana but do no damage.
The iguana is severely wounded.
The iguana bites you!
You die...

# .# #.##(#
#####.# #.##.#
....#.# #.##.#
###.#.# #.##.#
#.#.#####.##.#
###.#........#.###
................>#
###.#######[...#.#
#.# #.####♣#
#.#######.# #l#
#.........# #[.
############# #.##
..# #.# #.# #.#
#.# #.# ..# #.#
###


You could see an iguana (very drained).

Vanquished Creatures
  An ogre (D:5)
  A phantom (D:4)
  6 adders
  2 ribbon worms (D:3)
  3 dart slugs
  3 orcs (D:3)
  A ball python (D:2)
  8 bats
  5 endoplasms
  2 goblins
  7 hobgoblins
  2 jackals (D:1)
  3 quokkas
  4 frilled lizards
  5 kobolds
  2 rats (D:2)
55 creatures vanquished.

Notes
Turn   | Place    | Note
-------+----------+-------------------------------------------
     0 | D:1      | Rennog the Octopode Shapeshifter began the quest for the
                  | Orb.
     0 | D:1      | Reached XP level 1. HP: 13/13 MP: 1/1
    51 | D:1      | Found a faded altar of an unknown god.
   114 | D:1      | Reached XP level 2. HP: 15/18 MP: 2/2
   151 | D:1      | Reached skill level 1 in Stealth
   182 | D:1      | Found Kiclyil's Weapon Emporium.
   784 | D:2      | You fall into a shaft and drop 1 floor!
   858 | D:2      | Reached XP level 3. HP: 8/23 MP: 3/3
   863 | D:2      | HP: 1/23 [poisoned by an adder]
  1000 | D:2      | HP: 1/34 [poisoned by an adder]
  1124 | D:2      | Reached XP level 4. HP: 26/29 MP: 4/4
  1282 | D:2      | Identified the +7 dagger of the Original Sin {drain,
                  | Stlth+}
  2624 | D:4      | Identified the +0 scale mail of the Vestibule of Hell
                  | {Str+2}
  2653 | D:4      | Identified the +6 quarterstaff of Internal Strife {freeze,
                  | rC+ Int+3}
  2691 | D:4      | Noticed a phantom
  2694 | D:4      | Noticed a centaur
  2698 | D:4      | Killed a phantom
  2698 | D:4      | Noticed a centaur
  2699 | D:4      | Reached XP level 5. HP: 21/35 MP: 5/5
  2894 | D:5      | Entered Level 5 of the Dungeon
  3163 | D:5      | Noticed an ogre
  3170 | D:5      | Killed an ogre
  3171 | D:5      | Reached XP level 6. HP: 3/41 MP: 6/6
  3177 | D:5      | Slain by an iguana

Illustrated notes

Levels and vault maps discovered:
D:1:      nicolae_arrival_washed_ashore, layout_loops_ring, serial_shops,
          nicolae_square_shop, ebering_ecumenical_altar_ruins
D:2:      layout_basic
D:3:      layout_loops_ring
D:4:      layout_loops_ring, serial_bayou_pond_e, minmay_manual_mares
D:5:      layout_basic

Skill      XL: |  1  2  3  4  5 |
---------------+----------------+-----
Stealth        | 1 2 |  2.0
Fighting       | 2 |  2.9
Shapeshifting  | 4 |  4.8
Unarmed Combat | 4 |  4.1
Dodging        | |  2.0

Action                     |  1- 3 |  4- 6 || total
---------------------------+-------+-------++-------
  Melee: Unarmed           |    52 |     8 ||    60
         Constrict         |    11 |     8 ||    19
         Tentacles         |     5 |     8 ||    13
         Dagger            |       |    41 ||    41
         Punch             |       |     1 ||     1
    Use: Potion            |     2 |     1 ||     3
   Stab: Sleeping          |     4 |    10 ||    14
         Distracted        |       |     1 ||     1
 Armour: Skin              |    36 |    24 ||    60
  Dodge: Dodged            |    36 |     9 ||    45

Table legend: (Time is in decaauts)
 A = Elapsed time spent in this place.
 B = Non-inter-level travel time spent in this place.
 C = Inter-level travel time spent in this place.
 D = Time resting spent in this place.
 E = Time spent auto-exploring this place.
 F = Levels seen in this place.
 G = Mean time per level.
                   A        B        C        D        E       F      G
               +--------+--------+--------+--------+--------+-----+--------+
         Total |   3172 |   3028 |    144 |    240 |   2369 |   5 |  634.4 |
       Dungeon |   3172 |   3028 |    144 |    240 |   2369 |   5 |  634.4 |
               +--------+--------+--------+--------+--------+-----+--------+

Top non-repeatable levels by time:
     D:3: 920 daAuts
     D:2: 828 daAuts
     D:1: 772 daAuts
     D:4: 369 daAuts
     D:5: 282 daAuts
